 Dungeon Crawl Stone Soup version 0.30.1-9-gdf580d7c3d (webtiles) character file.

Game seed: 8335709531677147087

1912 Zalbag the Magician (level 9, -1/65 HPs)
             Began as a Djinni Fire Elementalist on Oct 26, 2023.
             Slain by Duvessa
             ... wielding a +0 short sword
              (13 damage)
             ... on level 7 of the Dungeon.
             The game lasted 00:12:50 (5209 turns).

Zalbag the Magician (Djinni Fire Elementalist)      Turns: 5209, Time: 00:12:50

Health: -1/65      AC:  7    Str:  7    XL:     9   Next: 39%
Gold:   331        EV: 17    Int: 21    God:
                   SH:  0    Dex: 23

rFire   + + .        m - +2 dagger (elec)
rCold   x . .        (no shield)
rNeg    . . .        l - +0 robe of Zecyerue {Regen+ Dex+3}
rPois   ∞            a - +0 helmet
rElec   .            w - +2 cloak
rCorr   .            I - +0 pair of gloves
SInv    .            (boots unavailable)
Will    .....        g - amulet of the acrobat
Stlth   ++           v - +6 ring of dexterity
HPRegen 1.10/turn    (no ring)
MPRegen 0.00/turn

%: acrobat, infuse magic (-2 HP)
@: flying
A: sickness immunity, fire resistance 2, cold vulnerability 1, float, innate
caster, HP casting, extra vitality 1
a: no special abilities


You were on level 7 of the Dungeon.
You visited 1 branch of the dungeon, and saw 7 of its levels.

You collected 331 gold pieces.

Inventory:

Hand Weapons
 m - a +2 dagger of electrocution (weapon)
 o - a +0 dagger of venom
Missiles
 F - 3 poisoned darts (quivered)
Armour
 a - a +0 helmet (worn)
 l - the +0 robe of Zecyerue (worn) {Regen+ Dex+3}
   (You took it off a hobgoblin on level 2 of the Dungeon)

   Dex:       It affects your dexterity (+3).
   Regen:     It increases your rate of health regeneration.
 w - a +2 cloak (worn)
 I - a +0 pair of gloves (worn)
Jewellery
 g - an amulet of the acrobat (around neck)
 v - a +6 ring of dexterity (left hand)
 A - a +6 ring of strength
Wands
 d - a wand of polymorph (9)
 B - a wand of flame (14)
Scrolls
 b - 4 scrolls of immolation {unknown}
 c - 4 scrolls of vulnerability
 h - 3 scrolls of teleportation
 j - 2 scrolls of enchant weapon
 n - 2 scrolls of poison {unknown}
 r - 2 scrolls of magic mapping {unknown}
 u - a scroll of fog {unknown}
 x - 2 scrolls of identify {unknown}
 y - a scroll of enchant armour {unknown}
 C - a scroll of torment {unknown}
 G - a scroll of amnesia {unknown}
Potions
 e - a potion of heal wounds {unknown}
 f - 4 potions of degeneration {unknown}
 i - 2 potions of ambrosia {unknown}
 k - a potion of attraction {unknown}
 q - a potion of experience {unknown}
 s - a potion of curing
 t - a potion of haste {unknown}
 z - a potion of lignification {unknown}
 D - 2 potions of brilliance {unknown}
 H - a potion of mutation {unknown}


   Skills:
 + Level 5.1 Fighting
 + Level 6.2 Dodging
 - Level 1.6 Stealth
 * Level 7.2 Spellcasting


You knew the following spells:

 Your Spells              Type           Power      Damage    Failure   Level
a - Foxfire               Conj/Fire      100%       2x1d9     1%          1
b - Scorch                Fire           76%        2d8       1%          2
c - Volatile Blastmotes   Fire/Tloc      76%        2d16      1%          3
d - Inner Flame           Hex/Fire       38%        N/A       1%          3
e - Flame Wave            Conj/Fire      38%        2d10      4%          4
f - Beastly Appendage     Tmut           76%        N/A       1%          1
g - Wereblood             Tmut           38%        N/A       1%          2
h - Momentum Strike       Conj/Tloc      76%        3d10      1%          2
i - Animate Armour        Summ/Erth      76%        N/A       4%          4
Your spell library was empty.

Dungeon Overview and Level Annotations

Branches:
Dungeon (7/15)
 Temple: D:4-7

Altars:
Cheibriados
Dithmenos
Elyvilon
Hepliaklqana
Nemelex Xobeh
Qazlal
Uskayaw
Yredelemnul

Annotations:
D:7 Duvessa


Innate Abilities, Weirdness & Mutations

You are immune to sickness and miasma.
You are immune to poison.
Your flesh is very heat resistant. (rF++)
You are vulnerable to cold. (rC-)
You float through the air rather than walking.
You learn spells naturally, not from books.
Your magical power is your life essence.
You have superior vitality. (+4 MHP)


Message History

Confirm with . or Enter, or press ? or * to list all spells.
Flames lash Duvessa.
Duvessa is burned terribly!
Duvessa is heavily wounded.
Duvessa misses you. Duvessa hits you with a +0 short sword.
The sky beast barely misses you.
Unknown command.
Casting: Scorch (safe; 1% risk of failure)
Confirm with . or Enter, or press ? or * to list all spells.
Flames lash Duvessa.
Duvessa is burned terribly!
Duvessa is severely wounded.
Duvessa barely misses you.
The sky beast flickers out of sight!
Deactivating autopickup; reactivate with Ctrl-A.
Something hits you. Something shocks you.
* * * LOW HITPOINT WARNING * * *
Casting: Scorch (safe; 1% risk of failure)
Confirm with . or Enter, or press ? or * to list all spells.
Flames lash Duvessa.
Duvessa is burned terribly!
Duvessa is almost dead.
* * * LOW HITPOINT WARNING * * *
Duvessa hits you but does no damage. Duvessa misses you.
Something hits you but does no damage.
Casting: Scorch (safe; 1% risk of failure)
Confirm with . or Enter, or press ? or * to list all spells.
Flames lash something.
* * * LOW HITPOINT WARNING * * *
Duvessa hits you with a +0 short sword!
* * * LOW HITPOINT WARNING * * *
A sky beast appears from thin air!
Reactivating autopickup.
The sky beast misses you.
Unknown command.
You feel better. Duvessa closely misses you.
Duvessa hits you but does no damage. The sky beast closely misses you.
Casting: Scorch (safe; 1% risk of failure)
Confirm with . or Enter, or press ? or * to list all spells.
Flames lash Duvessa.
Duvessa is burned terribly!
Duvessa is almost dead.
* * * LOW HITPOINT WARNING * * *
Duvessa hits you with a +0 short sword!
You die...

.......#... ..
..........##...#
...............#
......[.........
................
.........#......
................
.......@........
.......Ye.......
................
.....#..#.)?....
#..........(....
#...........#...
#...##....... ..
.##. #........ .
# ... ......


You could see Duvessa (berserk, combustible) and a sky beast (combustible).

Vanquished Creatures
  Sigmund (D:3)
  A steam dragon (D:6)
  2 water moccasins
  A sky beast (D:6)
  An ice beast (D:6)
  A black bear (D:6)
  2 ogres
  A bullfrog (D:6)
  A kobold brigand (D:5)
  5 scorpions
  Dowan (D:7)
  A howler monkey (D:6)
  Crazy Yiuf (D:3)
  A hound (D:5)
  An orc priest (D:5)
  A jelly (D:5)
  A sleepcap (D:5)
  An orc wizard (D:5)
  Robin (D:3)
  6 gnolls
  11 adders
  A shadow imp (D:5)
  2 white imps
  An ufetubus (D:4)
  3 worms
  4 dart slugs
  7 orcs
  4 ball pythons (D:3)
  4 bats
  6 endoplasms
  2 giant cockroaches
  14 goblins
  12 hobgoblins
  4 jackals
  11 kobolds
  2 quokkas
  A frilled lizard (D:2)
  8 rats
128 creatures vanquished.

Vanquished Creatures (others)
  82 foxfires
82 creatures vanquished.

Grand Total: 210 creatures vanquished

Notes
Turn   | Place    | Note
-------+----------+-------------------------------------------
     0 | D:1      | Zalbag the Djinni Fire Elementalist began the quest for the
                  | Orb.
     0 | D:1      | Zalbag set off with the following spells memorised:
                  | Foxfire, Scorch, Volatile Blastmotes, Inner Flame, Flame
                  | Wave.
     0 | D:1      | Reached XP level 1. HP: 15/15 MP: 0/0
    36 | D:1      | Found a faded altar of an unknown god.
    59 | D:1      | Reached XP level 2. HP: 8/21 MP: 0/0
   196 | D:1      | Reached skill level 3 in Spellcasting
   417 | D:1      | Reached XP level 3. HP: 23/25 MP: 0/0
   417 | D:1      | Learned a level 1 spell: Beastly Appendage
   988 | D:2      | Identified the +0 robe of Zecyerue {Regen+ Dex+3}
  1187 | D:2      | Reached XP level 4. HP: 22/31 MP: 0/0
  1602 | D:3      | Noticed Robin
  1613 | D:3      | Killed Robin
  1616 | D:3      | Reached skill level 4 in Spellcasting
  1729 | D:3      | Reached XP level 5. HP: 35/35 MP: 0/0
  1729 | D:3      | Learned a level 2 spell: Wereblood
  1788 | D:3      | Noticed Sigmund
  1792 | D:3      | Killed Sigmund
  1793 | D:3      | Reached skill level 1 in Fighting
  1793 | D:3      | Reached XP level 6. HP: 26/42 MP: 0/0
  1826 | D:3      | Found a sparkling altar of Nemelex Xobeh.
  1910 | D:3      | Found a runed translucent door.
  1911 | D:3      | Noticed Crazy Yiuf
  2042 | D:3      | Noticed an ogre
  2048 | D:3      | Killed an ogre
  2088 | D:3      | Found a hazy altar of Hepliaklqana.
  2103 | D:3      | Found a snail-covered altar of Cheibriados.
  2103 | D:3      | Found a white marble altar of Elyvilon.
  2227 | D:3      | Reached XP level 7. HP: 49/49 MP: 0/0
  2227 | D:3      | Learned a level 2 spell: Momentum Strike
  2390 | D:3      | Killed Crazy Yiuf
  2391 | D:3      | Reached skill level 5 in Spellcasting
  2468 | D:4      | Found a stormy altar of Qazlal.
  3264 | D:4      | You are sucked into a shaft and drop 2 floors!
  3300 | D:6      | Reached XP level 8. HP: 40/56 MP: 0/0
  3340 | D:6      | Found a basalt altar of Yredelemnul.
  3422 | D:5      | Entered Level 5 of the Dungeon
  3782 | D:5      | Reached skill level 6 in Spellcasting
  3833 | D:5      | Reached skill level 5 in Dodging
  4799 | D:6      | Found a shadowy altar of Dithmenos.
  4853 | D:6      | Reached XP level 9. HP: 59/63 MP: 0/0
  4853 | D:6      | Learned a level 4 spell: Animate Armour
  4944 | D:6      | Found a hide-covered altar of Uskayaw.
  5092 | D:6      | Reached skill level 7 in Spellcasting
  5188 | D:7      | Noticed Duvessa
  5188 | D:7      | Noticed Dowan
  5194 | D:7      | Killed Dowan
  5195 | D:7      | Reached skill level 5 in Fighting
  5207 | D:7      | HP: 3/65 [Duvessa/+0 short sword (13)]
  5209 | D:7      | Slain by Duvessa

Illustrated notes

Levels and vault maps discovered:
D:1:      onia_arrival_mini_spirals, layout_rooms, serial_forest,
          infiniplex_forest_clump_long, infiniplex_forest_lined_1,
          infiniplex_forest_corner_1, infiniplex_forest_clump_long,
          infiniplex_forest_straight_2, infiniplex_forest_lined_room_2,
          infiniplex_forest_lined_3, chequers_ecumenical_altar_island
D:2:      layout_basic, serial_glass, glass_columns_c, glass_columns_c,
          minmay_tromino_v4_c
D:3:      wad_river_or_something, layout_rooms,
          chequers_temple_overflow_statue_of_worship,
          gammafunk_temple_overflow_elements, uniq_robin,
          uniq_crazy_yiuf_cottage, uniq_sigmund
D:4:      minmay_recursive_quarters, layout_basic,
          nicolae_qazlal_scattered_showers, minmay_hedge_maze
D:5:      layout_basic, kennysheep_generic_room_3
D:6:      layout_rooms, marbit_many_paths, mainiacjoe_overflow_chevrons,
          nicolae_overflow_crystal_walls
D:7:      layout_layer_cave, minmay_temple_entry_drinking_statues,
          nicolae_ossuary_entry_false_entrances, uniq_prince_ribbit1,
          uniq_duvessa

Skill      XL: |  1  2  3  4  5  6  7  8  9 |
---------------+----------------------------+-----
Spellcasting   | 3 4 5 6 7 |  7.2
Fighting       | 1 2 3 4 5 |  5.1
Dodging        | 3 4 5 6 |  6.2
Stealth        | |  1.6

Action                     |  1- 3 |  4- 6 |  7- 9 || total
---------------------------+-------+-------+-------++-------
  Melee: Dagger            |    31 |    32 |    37 ||   100
         Punch             |       |     1 |     1 ||     2
  Throw: Throwing net      |       |       |     2 ||     2
         Dart              |       |       |     1 ||     1
   Cast: Foxfire           |    13 |     6 |    28 ||    47
         Scorch            |    21 |    35 |   101 ||   157
  Evoke: Wand              |       |       |     1 ||     1
    Use: Scroll            |       |     3 |     1 ||     4
         Potion            |       |       |     1 ||     1
   Stab: Sleeping          |       |     3 |     8 ||    11
 Armour: Robe              |     8 |     3 |    25 ||    36
  Dodge: Dodged            |    42 |    27 |    57 ||   126
